[Event "Cup of July"]
[Site "?"]
[Date "2020.07.22"]
[Round "2"]
[White "Aldar-Babarinov2007"]
[Black "Munko212"]
[Result "1/2-1/2"]
[ECO "D10"]
[WhiteElo "2120"]
[BlackElo "1844"]
[PlyCount "101"]
[EventType "k.o."]
[EventRounds "2"]
[TimeControl "180+2"]

1. d4 c6 2. c4 d5 3. Bf4 Nf6 4. Nc3 e6 5. e3 Bd6 6. Bg3 h6 7. Nf3 c5 8. Ne5
dxc4 9. Bxc4 Qc7 10. Nb5 Qa5+ 11. Qd2 Qxd2+ 12. Kxd2 Bxe5 13. Bxe5 Na6 14. Bxf6
gxf6 15. Nd6+ Ke7 16. Nxc8+ Raxc8 17. Bxa6 bxa6 18. dxc5 Rxc5 19. Rac1 Rd8+ 20.
Ke2 Rdc8 21. Rxc5 Rxc5 22. Rd1 Rb5 23. b3 Ra5 24. a4 Rg5 25. g3 Rh5 26. h4 Rc5
27. Rd4 Rc2+ 28. Kf3 Rc3 29. Rb4 Rc7 30. Rb8 f5 31. Rh8 Rb7 32. Rxh6 Rxb3 33.
Rh8 Ra3 34. Ra8 Rxa4 35. Rxa7+ Kf6 36. Kg2 Ra1 37. f3 a5 38. g4 fxg4 39. fxg4
a4 40. Kg3 a3 41. Kf4 a2 42. Ke4 Rg1 43. g5+ Kg6 44. Rxa2 Rg4+ 45. Kf3 Rxh4 46.
Ra7 Rh5 47. Kf4 Rxg5 48. Rxf7 Rf5+ 49. Rxf5 exf5 50. Kg3 Kg5 51. Kf3 {Normal}
1/2-1/2

[Event "Cup of July"]
[Site "?"]
[Date "2020.07.22"]
[Round "2"]
[White "Munko212"]
[Black "Aldar-Babarinov2007"]
[Result "1/2-1/2"]
[ECO "A59"]
[WhiteElo "1848"]
[BlackElo "2116"]
[PlyCount "150"]
[EventType "k.o."]
[EventRounds "2"]
[TimeControl "180+2"]

1. d4 Nf6 2. c4 c5 3. d5 b5 4. cxb5 a6 5. bxa6 Bxa6 6. Nc3 d6 7. e4 Bxf1 8.
Kxf1 Nbd7 9. Nf3 g6 10. Ke2 Bg7 11. Re1 O-O 12. h3 Nb6 13. Kf1 Nc4 14. b3 Nb6
15. Bb2 Nfd7 16. Qc2 Ne5 17. Nxe5 Bxe5 18. Nb5 Bxb2 19. Qxb2 c4 20. Rec1 cxb3
21. axb3 Qd7 22. Nd4 e6 23. dxe6 fxe6 24. Rxa8 Rxa8 25. Kg1 Rf8 26. Qd2 Nc8 27.
Qc3 Qf7 28. Rc2 d5 29. exd5 exd5 30. b4 Nd6 31. Nf3 Qa7 32. Qc5 Qxc5 33. bxc5
Nc4 34. Nd2 Na3 35. Rc3 Nb5 36. Rc1 Nd4 37. Kf1 Rc8 38. Nf3 Nb3 39. Rc3 Nxc5
40. Ne5 Rc7 41. Nd3 Na6 42. Rxc7 Nxc7 43. Nf4 Kf7 44. Ke2 Kf6 45. Kd3 Ke5 46.
g3 Nb5 47. Ng2 Nd6 48. Ne3 Ne4 49. Ng4+ Ke6 50. Ke3 h5 51. Nh2 Nd6 52. Nf3 Nf5+
53. Kd3 Kd6 54. Nd2 Ke5 55. Nf3+ Kd6 56. Nd2 Ne7 57. Nf3 Nc6 58. Nh4 Ne5+ 59.
Ke3 Kc5 60. f4 d4+ 61. Kd2 Nc4+ 62. Ke2 Kb4 63. Nxg6 Kc3 64. Ne5 Ne3 65. g4
hxg4 66. hxg4 Nd5 67. f5 Nf4+ 68. Kd1 d3 69. Nxd3 Kxd3 70. f6 Ke4 71. g5 Ng6
72. f7 Kf5 73. Ke2 Kxg5 74. Kf3 Kf6 75. Kg4 Kxf7 {Normal} 1/2-1/2

[Event "Cup of July"]
[Site "?"]
[Date "2020.07.22"]
[Round "2"]
[White "Aldar-Babarinov2007"]
[Black "Munko212"]
[Result "0-1"]
[ECO "D10"]
[WhiteElo "2112"]
[BlackElo "1852"]
[PlyCount "54"]
[EventType "k.o."]
[EventRounds "2"]
[TimeControl "180+2"]

1. d4 c6 2. c4 d5 3. Bf4 Nf6 4. Nf3 e6 5. c5 b6 6. b4 a5 7. bxa5 bxc5 8. e3
cxd4 9. Nxd4 Qxa5+ 10. Nd2 c5 11. Nb5 Na6 12. a4 Bd7 13. f3 Be7 14. Nd6+ Bxd6
15. Bxd6 Qb6 16. Be5 Ke7 17. Kf2 c4 18. Bd4 Qa5 19. Be2 Nb8 20. Bxc4 dxc4 21.
Nxc4 Qb4 22. Qd3 Rxa4 23. Rhb1 Qxc4 24. Qxc4 Rxc4 25. Ra8 Rcc8 26. Rb6 Nc6 27.
Bc5+ Kd8 {Normal} 0-1

[Event "Cup of July"]
[Site "?"]
[Date "2020.07.19"]
[Round "2"]
[White "Munko212"]
[Black "Aldar-Babarinov2007"]
[Result "0-1"]
[ECO "A58"]
[WhiteElo "1845"]
[BlackElo "2163"]
[PlyCount "94"]
[EventType "k.o."]
[EventRounds "2"]
[TimeControl "300"]

1. d4 Nf6 2. c4 c5 3. d5 b5 4. cxb5 a6 5. bxa6 Bxa6 6. Nc3 d6 7. Nf3 Nbd7 8. e4
g6 9. Bxa6 Rxa6 10. O-O Bg7 11. Qc2 O-O 12. Bd2 Qa8 13. h3 Rb8 14. a3 Nb6 15.
Rab1 Nfd7 16. Bf4 h6 17. Rfc1 Ra7 18. Nb5 Ra5 19. Nc3 Kh7 20. Re1 Bxc3 21. Qxc3
Na4 22. Qd2 c4 23. Bxh6 Nac5 24. Bg5 c3 25. bxc3 Rxb1 26. Rxb1 Rxa3 27. Re1 Qa6
28. Bxe7 Nd3 29. Rd1 N3e5 30. Nxe5 Nxe5 31. Bf6 Ra2 32. Qd3 Nxd3 33. Rb1 Ra1
34. Rxa1 Qxa1+ 35. Kh2 Nxf2 36. Bd4 Nxe4 37. h4 Qd1 38. Kh3 Qd3+ 39. Kh2 Qg3+
40. Kg1 Qxh4 41. Kf1 Ng3+ 42. Ke1 Qf4 43. Kd1 Ne4 44. Kc2 Qg4 45. Kb3 Qxg2 46.
Kb4 Nd2 47. Kb5 Qxd5+ {Time forfeit} 0-1

[Event "Cup of July"]
[Site "?"]
[Date "2020.07.19"]
[Round "2"]
[White "Aldar-Babarinov2007"]
[Black "Munko212"]
[Result "1-0"]
[ECO "D10"]
[WhiteElo "2162"]
[BlackElo "1847"]
[PlyCount "59"]
[EventType "k.o."]
[EventRounds "2"]
[TimeControl "300"]

1. d4 c6 2. c4 d5 3. Bf4 Nf6 4. Nf3 Bf5 5. e3 e6 6. Qb3 Qc8 7. Nc3 Be7 8. Be2
O-O 9. O-O Nbd7 10. a3 dxc4 11. Bxc4 Nb6 12. Be2 Nbd5 13. Nxd5 Nxd5 14. Bg3 h6
15. Rac1 Bf6 16. Bd3 Bxd3 17. Qxd3 Qd7 18. e4 Nb6 19. Be5 Bxe5 20. Nxe5 Qe7 21.
f4 Nd7 22. Nf3 Rfd8 23. Rce1 c5 24. d5 exd5 25. exd5 Qd6 26. Nh4 Nf6 27. Nf5
Qb6 28. Qg3 Nh5 29. Qg4 Qg6 30. Ne7+ {Normal} 1-0

[Event "Cup of July"]
[Site "?"]
[Date "2020.07.19"]
[Round "2"]
[White "Munko212"]
[Black "Aldar-Babarinov2007"]
[Result "1/2-1/2"]
[ECO "A58"]
[WhiteElo "1843"]
[BlackElo "2166"]
[PlyCount "49"]
[EventType "k.o."]
[EventRounds "2"]
[TimeControl "300"]

1. d4 Nf6 2. c4 c5 3. d5 b5 4. cxb5 a6 5. bxa6 Bxa6 6. Nc3 d6 7. Nf3 Nbd7 8. e4
Bxf1 9. Rxf1 g6 10. Ke2 Bg7 11. Re1 O-O 12. Kf1 Ng4 13. h3 Nge5 14. Nxe5 Nxe5
15. Bf4 Nc4 16. Qc2 Qa5 17. Bd2 Nxd2+ 18. Qxd2 Rfb8 19. Qc2 Rxb2 20. Qxb2 Bxc3
21. Qb7 Bxe1 22. Rxe1 Ra7 23. Qb8+ Kg7 24. Qb2+ Kg8 25. Qb8+ {Normal} 1/2-1/2

[Event "Cup of July"]
[Site "?"]
[Date "2020.07.19"]
[Round "2"]
[White "Aldar-Babarinov2007"]
[Black "Munko212"]
[Result "1-0"]
[ECO "D10"]
[WhiteElo "2164"]
[BlackElo "1844"]
[PlyCount "73"]
[EventType "k.o."]
[EventRounds "2"]
[TimeControl "300"]

1. d4 c6 2. c4 d5 3. Bf4 Nf6 4. e3 e6 5. c5 b6 6. cxb6 axb6 7. Nc3 Be7 8. Bd3
O-O 9. Nf3 c5 10. O-O Nc6 11. Bb5 Bd7 12. Bxc6 Bxc6 13. Ne5 Bb7 14. a3 Nd7 15.
h3 Nxe5 16. Bxe5 Bf6 17. f4 Bc6 18. Ne2 Qd7 19. Bxf6 gxf6 20. Ng3 Rfe8 21. Nh5
Qd8 22. Qg4+ Kf8 23. Qg7+ Ke7 24. Qxf6+ Kd6 25. Qe5+ Ke7 26. f5 Qd6 27. Qf6+
Kd7 28. Qxf7+ Re7 29. fxe6+ Qxe6 30. Qxe6+ Rxe6 31. Rf7+ Re7 32. Nf6+ Ke6 33.
Rxe7+ Kxe7 34. Nxh7 Kf7 35. Ng5+ Kg6 36. Nf3 Re8 37. Ne5+ {Normal} 1-0

[Event "Cup of July"]
[Site "?"]
[Date "2020.07.22"]
[Round "2"]
[White "Munko212"]
[Black "Aldar-Babarinov2007"]
[Result "0-1"]
[ECO "A56"]
[WhiteElo "1862"]
[BlackElo "2103"]
[PlyCount "76"]
[EventType "k.o."]
[EventRounds "2"]
[TimeControl "180+2"]

1. d4 Nf6 2. c4 c5 3. d5 d6 4. Nc3 Nbd7 5. Nf3 g6 6. e4 b5 7. Nxb5 Nxe4 8. Bd3
Nef6 9. O-O Bg7 10. Qc2 O-O 11. b3 Ng4 12. Bb2 Nge5 13. Nxe5 Nxe5 14. Be4 f5
15. Bf3 Nxf3+ 16. gxf3 f4 17. Bxg7 Kxg7 18. Nc3 Bh3 19. Rfe1 e5 20. Ne4 Rf5 21.
Kh1 h5 22. Rg1 Kh6 23. Qd2 Qe7 24. Rab1 a5 25. a3 g5 26. b4 cxb4 27. axb4 g4
28. fxg4 hxg4 29. bxa5 Kg6 30. Qb4 Rd8 31. a6 f3 32. Rge1 Bg2+ 33. Kg1 Qh4 34.
Ng3 Qh3 35. Nxf5 Kxf5 36. Qd2 Bf1 37. Qc2+ Kf6 38. Rxf1 Qg2# {Normal} 0-1

[Event "Cup of July"]
[Site "?"]
[Date "2020.07.21"]
[Round "2"]
[White "Viktor_Badmazhapov"]
[Black "Misha_Bazarov"]
[Result "1-0"]
[ECO "B20"]
[WhiteElo "2069"]
[BlackElo "1678"]
[PlyCount "60"]
[EventType "k.o."]
[EventRounds "2"]
[TimeControl "300"]

1. e4 c5 2. b4 e6 3. bxc5 Bxc5 4. d4 Bb6 5. Nf3 Ne7 6. Bd3 d5 7. e5 Nbc6 8. c3
O-O 9. O-O Ng6 10. Bg5 f6 11. exf6 gxf6 12. Bh6 Rf7 13. h4 e5 14. h5 Nge7 15.
dxe5 fxe5 16. Ng5 Rf6 17. Bxh7+ Kh8 18. Qd3 e4 19. Qg3 Nf5 20. Bxf5 Rxf5 21.
Nxe4 Qe7 22. Nd6 Rxh5 23. Nxc8 Rxc8 24. Be3 Bc7 25. Qg4 Qh7 26. Qxc8+ Nd8 27.
Bd4+ Be5 28. Qxd8+ Kg7 29. Qe7+ Kg6 30. Qxh7+ Kxh7 {Normal} 1-0

[Event "Cup of July"]
[Site "?"]
[Date "2020.07.21"]
[Round "2"]
[White "Misha_Bazarov"]
[Black "Viktor_Badmazhapov"]
[Result "0-1"]
[ECO "A36"]
[WhiteElo "1679"]
[BlackElo "2068"]
[PlyCount "72"]
[EventType "k.o."]
[EventRounds "2"]
[TimeControl "300"]

1. c4 c5 2. Nc3 Nc6 3. g3 d6 4. Bg2 g6 5. e3 Nf6 6. Nge2 Bg7 7. O-O O-O 8. d4
cxd4 9. Nxd4 Nxd4 10. exd4 Rb8 11. Bf4 Be6 12. c5 Nh5 13. Be3 dxc5 14. dxc5 Qc8
15. b4 Bxc3 16. Rc1 Bg7 17. c6 bxc6 18. Rxc6 Qd8 19. Qf3 Rxb4 20. a3 Rb3 21.
Qe4 Nf6 22. Qe5 Ng4 23. Qe4 Nxe3 24. fxe3 Qd3 25. a4 Qxe3+ 26. Kh1 Qxe4 27.
Bxe4 Ra3 28. Ra6 Bc4 29. Rxa7 Bxf1 30. Rxe7 Rxa4 31. Bd5 Bd4 32. h3 Ra1 33. Kh2
Bd3 34. g4 Rd1 35. Rd7 Be5+ 36. Kg2 Be4+ {Normal} 0-1

[Event "Cup of July"]
[Site "?"]
[Date "2020.07.21"]
[Round "2"]
[White "Viktor_Badmazhapov"]
[Black "Misha_Bazarov"]
[Result "1-0"]
[ECO "B00"]
[WhiteElo "2066"]
[BlackElo "1680"]
[PlyCount "89"]
[EventType "k.o."]
[EventRounds "2"]
[TimeControl "300"]

1. e4 b6 2. d4 Bb7 3. Nc3 e6 4. Bd3 d5 5. e5 c5 6. Nf3 Nc6 7. Be3 cxd4 8. Bxd4
Nxd4 9. Nxd4 Bc5 10. Bb5+ Kf8 11. O-O Ne7 12. Nb3 g6 13. Qg4 Kg7 14. h4 Nc6 15.
Nxc5 bxc5 16. Qf4 d4 17. Ne4 Qd5 18. Bxc6 Bxc6 19. f3 Rhd8 20. Nd6 Rd7 21. Qf6+
Kg8 22. h5 d3 23. h6 Qd4+ 24. Kh1 Kf8 25. cxd3 Rxd6 26. Qg7+ Ke7 27. exd6+ Qxd6
28. Qxh7 Qxd3 29. Qg7 Qf5 30. h7 Qh5+ 31. Kg1 Rd8 32. Rad1 Bd5 33. b3 Rc8 34.
Qg8 Rxg8 35. hxg8=Q g5 36. Rxd5 exd5 37. Re1+ Kd6 38. Qd8+ Kc6 39. Qc8+ Kd6 40.
Qb8+ Kc6 41. Qxa7 Qh4 42. Qa6+ Kc7 43. Re7+ Kd8 44. Qd6+ Kc8 45. Qc7# {Normal}
1-0

[Event "Cup of July"]
[Site "?"]
[Date "2020.07.21"]
[Round "2"]
[White "Misha_Bazarov"]
[Black "Viktor_Badmazhapov"]
[Result "0-1"]
[ECO "A36"]
[WhiteElo "1681"]
[BlackElo "2065"]
[PlyCount "70"]
[EventType "k.o."]
[EventRounds "2"]
[TimeControl "300"]

1. c4 c5 2. Nc3 Nc6 3. g3 g6 4. Bg2 Nf6 5. e3 Bg7 6. Nge2 d6 7. O-O O-O 8. d4
cxd4 9. exd4 Bd7 10. d5 Ne5 11. b3 Rb8 12. Bf4 Neg4 13. h3 Nh6 14. Rc1 Nh5 15.
Be3 a6 16. Qd2 Nf5 17. Ba7 Ra8 18. Be3 Nxe3 19. Qxe3 b5 20. Nd4 Qb6 21. Kh2
Bxd4 22. Qxe7 Rad8 23. Ne4 Rfe8 24. Qxd6 Qxd6 25. Nxd6 Re2 26. c5 Bxf2 27. c6
Bxg3+ 28. Kh1 Bxd6 29. cxd7 Rxd7 30. Kg1 Kg7 31. Bf3 Re5 32. Bg4 f5 33. Bxh5
gxh5 34. Rc6 a5 35. Rd1 Bb4 {Normal} 0-1

[Event "Cup of July"]
[Site "?"]
[Date "2020.07.21"]
[Round "2"]
[White "Misha_Bazarov"]
[Black "Viktor_Badmazhapov"]
[Result "0-1"]
[ECO "A36"]
[WhiteElo "1672"]
[BlackElo "2075"]
[PlyCount "52"]
[EventType "k.o."]
[EventRounds "2"]
[TimeControl "180+2"]

1. c4 c5 2. Nc3 Nc6 3. g3 g6 4. Bg2 Bg7 5. e3 Nf6 6. Nge2 O-O 7. O-O d6 8. d4
cxd4 9. exd4 Bd7 10. Be3 Rb8 11. a3 a6 12. b4 b5 13. c5 dxc5 14. dxc5 Ne5 15.
Rc1 Nc4 16. Bf4 e5 17. c6 exf4 18. cxd7 fxg3 19. fxg3 Qxd7 20. Qxd7 Nxd7 21. a4
Nde5 22. axb5 axb5 23. Nd4 Nd3 24. Rcd1 Bxd4+ 25. Kh1 Nf2+ 26. Rxf2 Bxf2 {
Normal} 0-1

[Event "Cup of July"]
[Site "?"]
[Date "2020.07.21"]
[Round "2"]
[White "Viktor_Badmazhapov"]
[Black "Misha_Bazarov"]
[Result "1/2-1/2"]
[ECO "B23"]
[WhiteElo "2079"]
[BlackElo "1667"]
[PlyCount "141"]
[EventType "k.o."]
[EventRounds "2"]
[TimeControl "180+2"]

1. e4 c5 2. Nc3 e6 3. g3 Nc6 4. Bg2 Nf6 5. d3 a6 6. Nf3 Be7 7. a4 O-O 8. O-O d5
9. e5 Nd7 10. Re1 d4 11. Nb1 f6 12. exf6 Nxf6 13. Nbd2 Bd6 14. Nc4 Re8 15. Bg5
Bc7 16. Nfe5 Nxe5 17. Nxe5 Bxe5 18. Rxe5 h6 19. Bh4 Rf8 20. Qe2 Qd6 21. Re1 Rb8
22. Bh3 Re8 23. f4 Nd5 24. Bxe6+ Bxe6 25. Rxe6 Rxe6 26. Qxe6+ Qxe6 27. Rxe6 Ne3
28. c3 Nd1 29. cxd4 cxd4 30. Rb6 Ne3 31. Be7 Nd5 32. Bd6 Nxb6 33. Bxb8 Nxa4 34.
b3 Nb2 35. Be5 Nxd3 36. Bxd4 b5 37. Kf1 Kf7 38. Be3 Nb4 39. Ke2 Nd5 40. Bd4 g6
41. Kd3 h5 42. Ke4 Nc7 43. b4 Ke6 44. Bb6 Nd5 45. Bc5 Nc3+ 46. Kd3 Na4 47. Bf8
Kd5 48. h3 Nb2+ 49. Ke3 Nc4+ 50. Kd3 Nd6 51. g4 Ne4 52. gxh5 gxh5 53. Ke3 Ng3
54. h4 Nf5+ 55. Kf3 Nxh4+ 56. Kg3 Ng6 57. Bc5 Ke4 58. Bd6 Kf5 59. Bc7 h4+ 60.
Kh3 Nxf4+ 61. Kxh4 Nd5 62. Bd6 Ke4 63. Kg3 Kd4 64. Kf3 Kc4 65. Ke2 Nxb4 66. Kd2
Nd5 67. Kc2 a5 68. Kb2 a4 69. Ka3 b4+ 70. Bxb4 Nxb4 71. Kxa4 {Normal} 1/2-1/2

[Event "Cup of July"]
[Site "?"]
[Date "2020.07.21"]
[Round "2"]
[White "Misha_Bazarov"]
[Black "Viktor_Badmazhapov"]
[Result "0-1"]
[ECO "A36"]
[WhiteElo "1668"]
[BlackElo "2078"]
[PlyCount "132"]
[EventType "k.o."]
[EventRounds "2"]
[TimeControl "180+2"]

1. c4 c5 2. Nc3 Nc6 3. g3 g6 4. Bg2 Bg7 5. e3 Nf6 6. Nge2 O-O 7. O-O d6 8. d4
Bg4 9. d5 Nb8 10. h3 Bxe2 11. Qxe2 Nbd7 12. e4 a6 13. f4 Rb8 14. e5 dxe5 15.
fxe5 Nh5 16. e6 Ndf6 17. exf7+ Rxf7 18. d6 Nxg3 19. Qe6 Nxf1 20. Bxf1 Qxd6 21.
Qxd6 exd6 22. Bg2 b5 23. Nd5 Kh8 24. cxb5 axb5 25. Nxf6 Rxf6 26. Bg5 Rf5 27. h4
Bxb2 28. Rd1 Bd4+ 29. Kh2 Kg7 30. Re1 Be5+ 31. Kh1 h6 32. Be7 b4 33. Rd1 Rb6
34. Bd8 Ra6 35. Be4 Rf4 36. Bd5 Rd4 37. Rxd4 Bxd4 38. Bc4 Ra3 39. Kg2 Rc3 40.
Bd5 Bf6 41. Bc7 Rd3 42. Bc4 Rd2+ 43. Kh3 Rd4 44. Bb3 Rxh4+ 45. Kg3 Rd4 46. Kf3
d5 47. Bb6 Rd3+ 48. Ke2 Rc3 49. Bxd5 g5 50. Bc7 Bd4 51. Ba5 h5 52. a4 Ra3 53.
Bc6 b3 54. Bd2 b2 55. Be4 Ra1 56. Bxg5 b1=Q 57. Bxb1 Rxb1 58. Be3 Bxe3 59. Kxe3
Ra1 60. Kf3 Rxa4 61. Kg3 Rg4+ 62. Kh3 c4 63. Kh2 c3 64. Kh3 c2 65. Kh2 c1=Q 66.
Kh3 Qh1# {Normal} 0-1

[Event "Cup of July"]
[Site "?"]
[Date "2020.07.20"]
[Round "2"]
[White "Misha_Bazarov"]
[Black "Viktor_Badmazhapov"]
[Result "1-0"]
[ECO "D32"]
[WhiteElo "1648"]
[BlackElo "1947"]
[PlyCount "97"]
[EventType "k.o."]
[EventRounds "2"]
[TimeControl "120+1"]

1. d4 d5 2. c4 e6 3. Nc3 c5 4. dxc5 Bxc5 5. cxd5 exd5 6. Qxd5 Qe7 7. Bf4 Nf6 8.
Qe5 Be6 9. Nb5 Na6 10. Nd6+ Bxd6 11. Qxd6 Qxd6 12. Bxd6 Rd8 13. O-O-O Bxa2 14.
e3 Rc8+ 15. Kd2 Ne4+ 16. Ke2 Bc4+ 17. Ke1 Bb3 18. Bb5+ Rc6 19. Bxc6+ bxc6 20.
Rd4 Bd5 21. Be5 f6 22. Bg3 Kf7 23. Ne2 Nac5 24. f3 Ng5 25. e4 Be6 26. Rd6 Rc8
27. Nd4 Bd7 28. b4 Nd3+ 29. Kd2 Nxb4 30. Rxd7+ Kg6 31. Rxa7 Rd8 32. Kc3 c5 33.
Nf5 Rd3+ 34. Kc4 Ne6 35. Bd6 Rd2 36. Bxc5 Nxc5 37. Kxc5 Nd3+ 38. Kd4 Ne5+ 39.
Kc5 Nd3+ 40. Kc4 Nb2+ 41. Kc3 Rxg2 42. Rxg7+ Kh5 43. Rxg2 Na4+ 44. Kb4 Nb6 45.
Rhg1 Nd7 46. Ng7+ Kh6 47. Nf5+ Kh5 48. Rg3 Ne5 49. Rh3# {Normal} 1-0

[Event "Cup of July"]
[Site "?"]
[Date "2020.07.20"]
[Round "2"]
[White "Viktor_Badmazhapov"]
[Black "Misha_Bazarov"]
[Result "0-1"]
[ECO "A43"]
[WhiteElo "1957"]
[BlackElo "1638"]
[PlyCount "78"]
[EventType "k.o."]
[EventRounds "2"]
[TimeControl "120+1"]

1. e4 c5 2. d4 e6 3. d5 exd5 4. exd5 Nf6 5. c4 d6 6. Nc3 Nbd7 7. Nf3 Nb6 8. Bd3
Be7 9. O-O O-O 10. Qc2 Kh8 11. h3 Bd7 12. b3 a6 13. Bb2 Qc7 14. Rfe1 Rfe8 15.
Ne4 Qd8 16. Nfg5 Kg8 17. Nxf6+ Bxf6 18. Bxf6 Qxf6 19. Nxh7 Qh6 20. Qc3 f5 21.
g4 Qxh7 22. Bxf5 Bxf5 23. gxf5 Qxf5 24. Qg3 Qf6 25. Rad1 Re7 26. Rxe7 Qxe7 27.
Rd3 Re8 28. Rf3 Rf8 29. Re3 Qd7 30. h4 Re8 31. Rf3 Rf8 32. Re3 Re8 33. Rf3 Re4
34. Qg6 Rg4+ 35. Rg3 Rxg6 36. Rxg6 Qf5 37. Rg3 Qb1+ 38. Kg2 Qxa2 39. Re3 Qc2 {
Time forfeit} 0-1

[Event "Cup of July"]
[Site "?"]
[Date "2020.07.20"]
[Round "2"]
[White "elijahblood"]
[Black "Buryak"]
[Result "0-1"]
[ECO "D00"]
[WhiteElo "2083"]
[BlackElo "1792"]
[PlyCount "86"]
[EventType "k.o."]
[EventRounds "2"]
[TimeControl "120+1"]

1. e4 d5 2. d4 dxe4 3. Nc3 Nf6 4. Bg5 Bf5 5. Qe2 Nc6 6. O-O-O Qd6 7. Nb5 Qd7 8.
Bf4 Nd5 9. Bg3 a6 10. Na3 e6 11. Nc4 Be7 12. f3 e3 13. Nxe3 Nxe3 14. Qxe3 O-O-O
15. Ne2 Nb4 16. Nc3 Nxc2 17. Qf4 h6 18. Bd3 Bg5 19. Bxc2 Bxf4+ 20. Bxf4 Bxc2
21. Kxc2 g5 22. Be5 Rhg8 23. Bf6 Rde8 24. Rhe1 Qc6 25. Re5 Rg6 26. Rc5 Qb6 27.
Be5 Re7 28. Na4 Qb4 29. Nc3 Rd7 30. a3 Qb6 31. b4 f6 32. Bg3 h5 33. Ne4 h4 34.
Bf2 Qa7 35. d5 c6 36. dxc6 Rxd1 37. cxb7+ Kxb7 38. Kxd1 Qb8 39. Kc2 Qd8 40. Rc3
f5 41. Nc5+ Kb8 42. Rd3 Kc7 43. Nxa6+ Kc8 {Time forfeit} 0-1

[Event "Cup of July"]
[Site "?"]
[Date "2020.07.20"]
[Round "2"]
[White "Buryak"]
[Black "elijahblood"]
[Result "1-0"]
[ECO "B23"]
[WhiteElo "1782"]
[BlackElo "2093"]
[PlyCount "77"]
[EventType "k.o."]
[EventRounds "2"]
[TimeControl "120+1"]

1. e4 c5 2. Nc3 d6 3. g3 Nf6 4. Bg2 g6 5. d3 Bg7 6. Be3 O-O 7. h3 Nc6 8. Qd2
Rb8 9. a4 Qa5 10. Nge2 b5 11. O-O b4 12. Nd5 Nxd5 13. exd5 Nd8 14. c3 bxc3 15.
bxc3 Ba6 16. Qc2 Rb6 17. Bd2 c4 18. d4 Nb7 19. h4 Rb8 20. h5 Nd8 21. hxg6 hxg6
22. Rfb1 Rxb1+ 23. Rxb1 Rxb1+ 24. Qxb1 Qxa4 25. Qb8 Qd7 26. Nf4 Kh7 27. Bh3 f5
28. Qb1 Bh6 29. Nxg6 Kxg6 30. Bxh6 Kxh6 31. Bxf5 Qe8 32. Qc1+ Kg7 33. Qg5+ Kf8
34. Qh6+ Kg8 35. Bh7+ Kh8 36. Bg6+ Kg8 37. Bxe8 Nf7 38. Qg6+ Kh8 39. Bxf7 {
Normal} 1-0

[Event "Cup of July"]
[Site "?"]
[Date "2020.07.20"]
[Round "2"]
[White "elijahblood"]
[Black "Buryak"]
[Result "1-0"]
[ECO "C00"]
[WhiteElo "2136"]
[BlackElo "2029"]
[PlyCount "45"]
[EventType "k.o."]
[EventRounds "2"]
[TimeControl "180+2"]

1. e4 e6 2. Nf3 d5 3. e5 c5 4. b4 Nc6 5. bxc5 Bxc5 6. d4 Bb6 7. c3 Nge7 8. Bd3
O-O 9. Bxh7+ Kh8 10. Bd3 g6 11. h4 Kg7 12. h5 Rh8 13. h6+ Kf8 14. Bg5 Ke8 15.
Bf6 Rf8 16. h7 Kd7 17. h8=Q Rxh8 18. Rxh8 Qc7 19. Ng5 Nxd4 20. cxd4 Nc6 21. Bb5
a6 22. Rd8+ Qxd8 23. Bxc6+ {Normal} 1-0

[Event "Cup of July"]
[Site "?"]
[Date "2020.07.20"]
[Round "2"]
[White "Buryak"]
[Black "elijahblood"]
[Result "1-0"]
[ECO "C01"]
[WhiteElo "2022"]
[BlackElo "2143"]
[PlyCount "37"]
[EventType "k.o."]
[EventRounds "2"]
[TimeControl "180+2"]

1. e4 e6 2. d4 d5 3. exd5 exd5 4. Bd3 Ne7 5. Nf3 Bf5 6. O-O Bxd3 7. Qxd3 c6 8.
Bg5 Nd7 9. Re1 f6 10. Bh4 Qb6 11. Nc3 O-O-O 12. a4 g5 13. Bg3 h5 14. h3 g4 15.
hxg4 hxg4 16. Nh2 f5 17. a5 Qa6 18. Qe3 Re8 19. Qf4 {Normal} 1-0

[Event "Cup of July"]
[Site "?"]
[Date "2020.07.20"]
[Round "2"]
[White "elijahblood"]
[Black "Buryak"]
[Result "1-0"]
[ECO "C02"]
[WhiteElo "2139"]
[BlackElo "2026"]
[PlyCount "73"]
[EventType "k.o."]
[EventRounds "2"]
[TimeControl "180+2"]

1. e4 e6 2. d4 d5 3. e5 c5 4. c3 Nc6 5. Nf3 Qb6 6. Bd3 Bd7 7. O-O cxd4 8. cxd4
f6 9. Re1 Bb4 10. Nc3 fxe5 11. Nxe5 Nf6 12. Nxd7 Kxd7 13. Bf4 Qxd4 14. Be3 Qh4
15. g3 Qh3 16. Bf1 Qf5 17. Qa4 a6 18. Rac1 h5 19. a3 Bd6 20. h3 Ne4 21. Nxe4
dxe4 22. Red1 Ke7 23. Rxd6 Kxd6 24. Qd1+ Ke7 25. Bg2 Kf7 26. Qd7+ Kg6 27. Qxb7
Ne5 28. Bxe4 Nf3+ 29. Kg2 Ng5 30. Bxf5+ exf5 31. Qc6+ Kh7 32. Bxg5 Rhf8 33. h4
Rae8 34. Bf4 Re2 35. Qxa6 Rxb2 36. Qd6 Ra8 37. Rc7 {Normal} 1-0

[Event "Cup of July"]
[Site "?"]
[Date "2020.07.20"]
[Round "2"]
[White "Buryak"]
[Black "elijahblood"]
[Result "0-1"]
[ECO "B23"]
[WhiteElo "2030"]
[BlackElo "2135"]
[PlyCount "36"]
[EventType "k.o."]
[EventRounds "2"]
[TimeControl "180+2"]

1. e4 c5 2. Nc3 d6 3. g3 Nf6 4. Bg2 g6 5. d3 Bg7 6. Be3 O-O 7. Qd2 Nc6 8. f4
Ng4 9. h3 Nxe3 10. Qxe3 b5 11. Rb1 b4 12. Nd5 e6 13. e5 exd5 14. Bxd5 Bb7 15.
Nf3 dxe5 16. Bc4 exf4 17. Qxf4 Nd4 18. O-O Ne2+ {Normal} 0-1

[Event "Cup of July"]
[Site "?"]
[Date "2020.07.20"]
[Round "2"]
[White "elijahblood"]
[Black "Buryak"]
[Result "1-0"]
[ECO "C02"]
[WhiteElo "2131"]
[BlackElo "2034"]
[PlyCount "87"]
[EventType "k.o."]
[EventRounds "2"]
[TimeControl "300"]

1. e4 e6 2. d4 d5 3. e5 c5 4. c3 Nc6 5. Nf3 Qb6 6. Bd3 Bd7 7. O-O f6 8. Re1
cxd4 9. cxd4 f5 10. Bf1 Nge7 11. Nc3 a6 12. a3 Ng6 13. b4 Be7 14. Na4 Qc7 15.
Nc5 O-O 16. Bg5 h6 17. Bxe7 Ngxe7 18. h4 g6 19. Ra2 Bc8 20. Rc2 Qd8 21. Nd3 Kh7
22. Nf4 Qe8 23. Qd3 g5 24. hxg5 hxg5 25. Nxg5+ Kg7 26. Ngxe6+ Bxe6 27. Nxe6+
Kf7 28. Nxf8 Qxf8 29. Be2 Qh6 30. e6+ Kf6 31. Qh3 Qg7 32. Qh4+ Qg5 33. Qxg5+
Kxg5 34. b5 Nxd4 35. Rc7 Ng6 36. b6 Re8 37. Rxb7 Rxe6 38. Kf1 Nf4 39. Bxa6 Rh6
40. Kg1 Nc2 41. Rc1 Nxa3 42. Bf1 Nc4 43. Rg7+ Kf6 44. b7 {Time forfeit} 1-0

[Event "Cup of July"]
[Site "?"]
[Date "2020.07.20"]
[Round "2"]
[White "Buryak"]
[Black "elijahblood"]
[Result "0-1"]
[ECO "B26"]
[WhiteElo "2038"]
[BlackElo "2127"]
[PlyCount "48"]
[EventType "k.o."]
[EventRounds "2"]
[TimeControl "300"]

1. e4 c5 2. Nc3 Nc6 3. g3 g6 4. Bg2 Bg7 5. d3 d6 6. Be3 Nf6 7. Qd2 O-O 8. h3 e5
9. f4 Nd4 10. Nf3 Nxf3+ 11. Bxf3 b5 12. g4 b4 13. Ne2 exf4 14. Bxf4 Ne8 15. Rb1
Nc7 16. Bh6 Qh4+ 17. Kf1 Bxh6 18. Qd1 Be3 19. Rh2 Bb7 20. c3 a5 21. a3 Kh8 22.
d4 f5 23. Qd3 fxg4 24. hxg4 Rxf3+ {Normal} 0-1

[Event "Cup of July"]
[Site "?"]
[Date "2020.07.20"]
[Round "2"]
[White "elijahblood"]
[Black "Buryak"]
[Result "1-0"]
[ECO "C02"]
[WhiteElo "2122"]
[BlackElo "2042"]
[PlyCount "89"]
[EventType "k.o."]
[EventRounds "2"]
[TimeControl "300"]

1. e4 e6 2. d4 d5 3. e5 c5 4. c3 Qb6 5. Nf3 Nc6 6. Bd3 Bd7 7. O-O cxd4 8. cxd4
f6 9. exf6 Nxf6 10. Be2 Bd6 11. Nc3 O-O 12. a3 a6 13. b4 Ne4 14. Na4 Qc7 15.
Nc5 Rf6 16. Nxd7 Qxd7 17. Bb2 Raf8 18. Ne5 Qe8 19. f3 Ng5 20. Qd2 Nf7 21. f4
Rh6 22. Rf3 Nfxe5 23. fxe5 Be7 24. Raf1 Rxf3 25. Rxf3 Qg6 26. Bd3 Qe8 27. Qf4
Qf8 28. Qxf8+ Bxf8 29. g3 Rh5 30. Kg2 g5 31. h3 Be7 32. g4 Rh4 33. Bc3 Kg7 34.
Rf1 b5 35. Be1 Rh6 36. Bf2 Nd8 37. Rc1 Nf7 38. Rc7 Bf8 39. Rc6 a5 40. bxa5 Bxa3
41. a6 Nd8 42. Rc8 Kf8 43. Rxd8+ Ke7 44. Rb8 b4 45. a7 {Time forfeit} 1-0

[Event "Cup of July"]
[Site "?"]
[Date "2020.07.20"]
[Round "2"]
[White "Buryak"]
[Black "elijahblood"]
[Result "0-1"]
[ECO "B23"]
[WhiteElo "2047"]
[BlackElo "2117"]
[PlyCount "80"]
[EventType "k.o."]
[EventRounds "2"]
[TimeControl "300"]

1. e4 c5 2. Nc3 d6 3. g3 Nf6 4. Bg2 g6 5. d3 Bg7 6. Be3 O-O 7. h3 Nc6 8. Qd2
Rb8 9. Bh6 b5 10. g4 b4 11. Nce2 Nd4 12. Nxd4 cxd4 13. Bxg7 Kxg7 14. f4 Qc7 15.
Nf3 e5 16. f5 a5 17. Rc1 d5 18. Nh4 dxe4 19. dxe4 Bb7 20. O-O Nxe4 21. Bxe4
Bxe4 22. f6+ Kh8 23. Rce1 Qxc2 24. Qh6 Rg8 25. Rf2 Qd3 26. Ng2 Bxg2 27. Kxg2 e4
28. h4 e3 29. Rfe2 Qe4+ 30. Kg3 Qe5+ 31. Qf4 Qxf4+ 32. Kxf4 Rb6 33. g5 Re8 34.
Rd1 Rd6 35. Rd3 h6 36. b3 hxg5+ 37. hxg5 Kg8 38. Kg4 Re5 39. Kf4 Rdd5 40. Rg2
Rf5+ {Time forfeit} 0-1